 Dungeon Crawl Stone Soup version 0.25-a0-100-g33052ceff8 (webtiles) character file.

Game seed: 8725493810259358951, levelgen mode: deterministic

2986 RedPan the Chiller (level 9, -18/62 HPs)
             Began as a Grey Draconian Ice Elementalist on Nov 15, 2019.
             Was a Follower of Sif Muna.
             Blown up by a great orb of eyes (44 damage)
             ... with a disintegration bolt
             ... on level 7 of the Dungeon.
             The game lasted 00:17:51 (8573 turns).

RedPan the Chiller (DrIE)                           Turns: 8573, Time: 00:17:52

Health: -18/62     AC: 12    Str: 11    XL:     9   Next: 53%
Magic:  14/19      EV: 13    Int: 19    God:    Sif Muna [*.....]
Gold:   294        SH:  0    Dex: 11    Spells: 10/22 levels left

rFire    . . .     SeeInvis +   k - +2 hand axe (elec)
rCold    . . .     Gourm    .   (no shield)
rNeg     . . .     Faith    .   (armour unavailable)
rPois    .         Spirit   .   (helmet restricted)
rElec    .         Reflect  .   (no cloak)
rCorr    .         Harm     .   (no gloves)
MR       .....                  (no boots)
Stlth    ++........             (no amulet)
HPRegen  0.20/turn              o - ring of see invisible
MPRegen  0.16/turn              (no ring)

@: no status effects
A: walk through water, unfitting armour, unbreathing, cold-blooded, AC +12
a: Channel Magic, Renounce Religion


You were on level 7 of the Dungeon.
You worshipped Sif Muna.
Sif Muna was aware of your devotion.
You were not hungry.

You visited 2 branches of the dungeon, and saw 8 of its levels.

You collected 294 gold pieces.

Inventory:

Hand Weapons
 a - a +0 whip
 j - a +1 dagger of venom
 k - a +2 hand axe of electrocution (weapon)
 m - a +0 whip of flaming
Jewellery
 o - a ring of see invisible (left hand)
Scrolls
 c - 2 scrolls of fear
 e - 2 scrolls of fog
 f - a scroll of amnesia
 h - 2 scrolls of identify
 p - a scroll of noise {unknown}
 s - a scroll of teleportation
 u - a scroll of enchant weapon
Potions
 d - a potion of curing
 g - 2 potions of agility
 i - a potion of resistance
 l - 3 potions of heal wounds
 n - a potion of haste {unknown}
 q - a potion of berserk rage {unknown}
 r - a potion of invisibility {unknown}
 v - a potion of brilliance {unknown}
Comestibles
 b - 9 rations
 t - 8 chunks of flesh


   Skills:
 + Level 3.6 Dodging
 - Level 1.7 Stealth
 - Level 7.0 Spellcasting
 + Level 4.4 Conjurations
 - Level 6.0 Summonings
 - Level 7.0 Ice Magic
 + Level 3.5 Invocations


You had 10 spell levels left.
You knew the following spells:

 Your Spells              Type           Power        Failure   Level  Hunger
a - Freeze                Ice            ####         1%          1    None
b - Ozocubu's Armour      Chrm/Ice       ###.....     7%          3    #......
c - Summon Ice Beast      Ice/Summ       ####....     7%          4    ###....
d - Throw Icicle          Conj/Ice       ####....     10%         4    ###....

Your spell library contained the following spells:

 Spells                   Type           Power        Failure   Level  Hunger
 Throw Frost              Conj/Ice       ####..       1%          2    None
 Ensorcelled Hibernation  Hex/Ice        ###...       3%          2    None
 Corona                   Hex            #......      10%         1    None
 Dazzling Spray           Conj/Hex       ###...       12%         3    #......
 Confuse                  Hex            #.......     30%         3    #......
 Tukima's Dance           Hex            #.......     30%         3    #......


Dungeon Overview and Level Annotations

Branches:
Dungeon (7/15)             Temple (1/1) D:5

Altars:
Ashenzari
Cheibriados
Elyvilon
Fedhas
Gozag
Kikubaaqudgha
Makhleb
Ru
Sif Muna
Uskayaw
Wu Jian
Yredelemnul
The Shining One


Innate Abilities, Weirdness & Mutations

You can walk through water.
Your dull iron-grey scales are very hard. (AC +12)
You cannot fit into any form of body armour.
You can survive without breathing.
You are cold-blooded and may be slowed by cold attacks.


Message History

Press: ? - help, Shift-Dir - straight line, f/p - bullfrog
Aim: a bullfrog (heavily wounded, slow)
You freeze the bullfrog!
The bullfrog is severely wounded.
The bullfrog hits you but does no damage.
Casting: Freeze (safe; 1% risk of failure)
Confirm with . or Enter, or press ? or * to list all spells.
Aiming: Freeze (safe; 1% risk of failure)
Press: ? - help, Shift-Dir - straight line, f/p - bullfrog
Aim: a bullfrog (severely wounded, slow)
You freeze the bullfrog!
You kill the bullfrog!
Sif Muna accepts your kill. The great orb of eyes gazes at you.
You are blasted!
Ouch! That really hurt!
The great orb of eyes gazes at you.
You are blasted!
Ouch! That really hurt!
You die...

##....... #........
###........ #..........
#.......... #...#......
#..<..#..# #..)....#
#..@.#### ... ###....#
##..# ..#......##
#####......
.....#.....####.......##.
......................#..
.
########.#####...........
.S #.#.#G#.#.#...........
#. ##....†..##.........#
#. #..###....#.........##


You could see a great orb of eyes.

Vanquished Creatures
  An unseen horror (D:7)
  Pikel (D:6)
  A water moccasin (D:6)
  A black bear (D:4)
  2 ice beasts (D:6)
  3 ogres
  2 centaurs
  4 bullfrogs
  A water moccasin skeleton (D:7)
  5 howler monkeys
  2 jellies
  A hound (D:7)
  An orc priest (D:4)
  A centaur skeleton (D:5)
  2 iguanas
  Natasha (twice) (D:3)
  4 worker ants
  2 orc wizards
  7 gnolls
  10 adders
  A shadow imp (D:5)
  An ooze (D:5)
  An adder zombie (D:3)
  2 worms (D:2)
  2 dart slugs (D:1)
  4 leopard geckos
  10 orcs
  7 giant cockroaches
  12 goblins
  6 hobgoblins
  5 jackals
  12 kobolds
  3 quokkas
  A ball python (D:2)
  9 bats
  7 frilled lizards
  A leopard gecko skeleton (D:4)
  A quokka zombie (D:6)
  8 rats
146 creatures vanquished.

Vanquished Creatures (collateral kills)
  A hungry ghost (D:5)
  An orc priest (D:6)
2 creatures vanquished.

Vanquished Creatures (others)
  An ice beast (D:6)
  A bullfrog (D:6)
  A jelly (D:6)
  A worker ant zombie (D:6)
  A quokka (D:6)
5 creatures vanquished.

Grand Total: 153 creatures vanquished

Notes
Turn   | Place    | Note
-------+----------+-------------------------------------------
     0 | D:1      | RedPan the Draconian Ice Elementalist began the quest for
                  | the Orb.
     0 | D:1      | Reached XP level 1. HP: 14/14 MP: 3/3
   393 | D:1      | Reached XP level 2. HP: 18/20 MP: 0/5
  1199 | D:2      | Reached XP level 3. HP: 17/26 MP: 1/7
  1794 | D:2      | Reached XP level 4. HP: 30/33 MP: 8/8
  2218 | D:3      | Learned a level 3 spell: Ozocubu's Armour
  2223 | D:3      | Learned a level 4 spell: Summon Ice Beast
  2755 | D:3      | Reached skill level 1 in Summonings
  2755 | D:3      | Reached XP level 5. HP: 15/38 MP: 0/10
  3147 | D:3      | Noticed Natasha
  3155 | D:3      | Killed Natasha
  3972 | D:4      | Reached XP level 6. HP: 45/45 MP: 8/12
  4159 | D:3      | Noticed Natasha
  4167 | D:3      | Killed Natasha
  4167 | D:3      | Reached skill level 5 in Ice Magic
  4878 | D:5      | Entered Level 5 of the Dungeon
  4884 | D:5      | Noticed a hungry ghost
  4935 | D:5      | Your scales start taking on a dull iron-grey colour.
  4935 | D:5      | Reached XP level 7. HP: 38/50 MP: 13/13
  4935 | D:5      | Gained mutation: You can survive without breathing. [Grey
                  | Draconian growth]
  5029 | D:5      | Found an ornate altar of the Wu Jian Council.
  5088 | D:5      | Found a staircase to the Ecumenical Temple.
  5094 | Temple   | Entered the Ecumenical Temple
  5401 | Temple   | Became a worshipper of Sif Muna the Loreminder
  5818 | D:5      | Learned a level 4 spell: Throw Icicle
  5868 | D:5      | Found an ancient bone altar of Kikubaaqudgha.
  5868 | D:5      | Found a shattered altar of Ashenzari.
  6138 | D:5      | Killed a hungry ghost
  6138 | D:5      | Reached skill level 5 in Spellcasting
  6201 | D:5      | Identified a scroll of acquirement
  6202 | D:5      | Got a warped hat
  6208 | D:5      | Identified the +0 hat "Tosoy" {+Blink rF+ Int-4 Dex+4} (You
                  | acquired it on level 5 of the Dungeon)
  6346 | D:6      | Noticed Pikel
  6377 | D:6      | Killed Pikel
  6377 | D:6      | Reached skill level 5 in Summonings
  6377 | D:6      | Reached XP level 8. HP: 49/57 MP: 0/16
  7732 | D:7      | Noticed an unseen horror
  7906 | D:7      | Killed an unseen horror
  7906 | D:7      | Reached XP level 9. HP: 41/62 MP: 12/19
  7920 | D:6      | Reached * piety under Sif Muna
  8136 | D:7      | Noticed a +0 hand axe
  8138 | D:7      | Found a hide-covered altar of Uskayaw.
  8138 | D:7      | Noticed a +0 hand axe
  8320 | D:7      | Noticed a great orb of eyes
  8536 | D:7      | Identified the cursed +0 trident "Ocwaowec" {drain, MP+9}
  8536 | D:7      | Noticed a deep elf mage
  8573 | D:7      | Blown up by a great orb of eyes

Levels and vault maps discovered:
D:1:      scummos_arrival_simple_crosswalls, layout_loops_corners
D:2:      layout_rooms
D:3:      layout_basic, first_ration, serial_forest, infiniplex_forest_zigzag_2,
          infiniplex_forest_lined_2, infiniplex_forest_zigzag_1,
          infiniplex_forest_clump_curved, infiniplex_forest_lined_corner,
          infiniplex_forest_lined_2, infiniplex_forest_lined_room_,
          kennysheep_cluttered_room, grunt_ministairs_12, uniq_natasha
D:4:      black_bear_nest_2, layout_rooms
D:5:      layout_basic, nicolae_overflow_crystal_walls,
          gammafunk_temple_overflow_elements, minmay_temple_entry_offerings,
          hangedman_decor_peaks_small
D:6:      layout_basic, uniq_pikel
D:7:      layout_rooms, dancing_weapons_uskayaw, minmay_the_grid_2x2
          [minmay_the_grid_tiny_cups, minmay_the_grid_gridbox,
          minmay_the_grid_stretched_grid, minmay_the_grid_prize_diamond_cup]
Temple:   jpeg_temple_island

Skill      XL: |  1  2  3  4  5  6  7  8  9 |
---------------+----------------------------+-----
Spellcasting   | 3 4 5 6 7 |  7.0
Ice Magic      | 4 5 6 7 |  7.0
Summonings     | 1 2 3 5 6 |  6.0
Conjurations   | 3 4 |  4.4
Dodging        | 2 3 |  3.6
Invocations    | 2 3 |  3.5
Stealth        | |  1.7

Action                   |  1- 3 |  4- 6 |  7- 9 || total
-------------------------+-------+-------+-------++-------
Melee: Whip              |    32 |       |       ||    32
       Dagger            |    23 |   119 |    28 ||   170
       Tailslap          |     6 |    12 |     5 ||    23
       Hand axe          |       |       |    45 ||    45
 Cast: Freeze            |    41 |    68 |   115 ||   224
       Summon Ice Beast  |       |       |     7 ||     7
       Ozocubu's Armour  |       |       |     2 ||     2
  Use: Scroll            |       |     9 |     5 ||    14
 Stab: Sleeping          |     2 |     2 |     1 ||     5
       Distracted        |       |       |     1 ||     1
  Eat: Chunk             |     3 |     6 |     9 ||    18
       Ration            |       |     1 |     2 ||     3
Armor: Skin              |    21 |    32 |    74 ||   127
Dodge: Dodged            |    48 |   119 |   125 ||   292

Table legend:
 A = Non-vault XP
 B = Vault XP
 C = Vault XP percentage of total XP
 D = Non-vault monster count
 E = Vault monster count
 F = Vault count percentage of total count
                 A         B        C        D         E       F
            +---------+---------+-------+---------+---------+-------
      Total |    2381 |    1885 |  44.2 |     136 |      12 |   8.1
            +---------+---------+-------+---------+---------+-------
        D:1 |      35 |       0 |   0.0 |      19 |       0 |   0.0
        D:2 |      71 |       0 |   0.0 |      29 |       0 |   0.0
        D:3 |     161 |      40 |  19.9 |      29 |       3 |   9.4
        D:4 |     293 |     131 |  30.9 |      20 |       1 |   4.8
        D:5 |     378 |       0 |   0.0 |      11 |       0 |   0.0
        D:6 |     892 |     808 |  47.5 |      17 |       3 |  15.0
        D:7 |     551 |     906 |  62.2 |      11 |       5 |  31.2
            +---------+---------+-------+---------+---------+-------
